 Dungeon Crawl Stone Soup version 0.28-a0-653-g7e9dba17c3 (webtiles) character file.

Game seed: 7860406752830191825

4 flotson the Sneak (level 1, -3/18 HPs)
             Began as a Demonspawn Delver on Oct 11, 2021.
             Slain by an adder skeleton (4 damage)
             ... on level 4 of the Dungeon.
             The game lasted 00:01:59 (88 turns).

flotson the Sneak (Demonspawn Delver)                 Turns: 88, Time: 00:02:00

Health: -3/18      AC:  3    Str: 12    XL:     1   Next: 50%
Magic:  1/1        EV: 11    Int: 11    God:
Gold:   23         SH:  0    Dex: 14    Spells: 0/0 levels left

rFire   . . .      SeeInvis .   a - +0 hand axe
rCold   . . .      Faith    .   (no shield)
rNeg    . . .      Spirit   .   b - +0 leather armour
rPois   .          Reflect  .   (no helmet)
rElec   .          Harm     .   (no cloak)
rCorr   +          Rampage  .   (no gloves)
Will    .....                   (no boots)
Stlth   ++........              (no amulet)
HPRegen 0.06/turn               h - ring of resist corrosion
MPRegen 0.07/turn               i - ring of flight

@: flying, hasted, very quick
A: no striking features
a: no special abilities


You were on level 4 of the Dungeon.
You visited 1 branch of the dungeon, and saw 2 of its levels.

You collected 23 gold pieces.

Inventory:

Hand Weapons
 a - a +0 hand axe (weapon)
Armour
 b - a +0 leather armour (worn)
 d - a +0 helmet
Jewellery
 h - a ring of resist corrosion (left hand)
 i - a ring of flight (right hand)
Wands
 g - a wand of digging (3)
Scrolls
 c - a scroll of fog
 j - a scroll of enchant armour {unknown}
Potions
 k - a potion of heal wounds {unknown}


   Skills:
 + Level 3.0 Fighting
 + Level 1.8 Axes
 + Level 0.2 Armour
 + Level 1.8 Dodging
 - Level 4.5 Stealth


You couldn't memorise any spells.
You didn't know any spells.
Your spell library was empty.

Dungeon Overview and Level Annotations

Branches:
Dungeon (5/15)             Temple (0/1) D:4

Altars:
Hepliaklqana
Okawaru
Uskayaw


Message History

You are too injured to fight recklessly!
You are too injured to fight recklessly!
You are too injured to fight recklessly!
You are too injured to fight recklessly!
You are too injured to fight recklessly!
You are too injured to fight recklessly!
The hound pauses to sniff the ground.
The hound bites you.
You feel yourself speed up. The hound barely misses you.
Okay, then.
Options error: Full pregeneration is not allowed on this build of crawl. (~/.crawlrc:90) Welcome back, flotson the Demonspawn Delver.
Press ? for a list of commands and other information.
Options error: Full pregeneration is not allowed on this build of crawl. (~/.crawlrc:90) Welcome back, flotson the Demonspawn Delver.
Press ? for a list of commands and other information.
Unknown command.
As you read the scroll of fear, it crumbles to dust.
You assume a fearsome visage.
The hound looks frightened!
As you read the scroll of magic mapping, it crumbles to dust.
You feel aware of your surroundings.
An endoplasm comes into view.
The endoplasm quivers.
The endoplasm freezes you.
You are frozen.
The endoplasm hits you but does no damage.
An adder skeleton comes into view.
Found a helmet.
Found 7 gold pieces.
You see here a +0 helmet.
d - a +0 helmet The endoplasm closely misses you.
The adder skeleton bites you but does no damage.
The endoplasm freezes you.
You are frozen.
* * * LOW HITPOINT WARNING * * *
The adder skeleton bites you.
* * * LOW HITPOINT WARNING * * *
The adder skeleton bites you.
You die...

******* ,,,,,,* ,****,* ,* *,* ,*
*,*######## ***** ,*
*,*.......##########*****,,,,
,****,,.........@.......,,,,>,***
,,,,,,*,####...Z...#####*********
*****,*,#....J.....# *,,,,,,,,,
*,*,#..#..#######***,********
*,*,#..#......$..,,,,,,,,,,,,
*,#.#..##....####***,***,,,,,
*,#.#..#######****,*,* *,,,,,
#,#.#.........,,,,,*,* *,,,,,
#.#.##.#######****,*,* *,,,,,


You could see an endoplasm and an adder skeleton.

Vanquished Creatures
  A dart slug (D:4)
  An endoplasm (D:4)
2 creatures vanquished.

Notes
Turn   | Place    | Note
-------+----------+-------------------------------------------
     0 | D:5      | flotson the Demonspawn Delver began the quest for the Orb.
     0 | D:5      | Reached XP level 1. HP: 18/18 MP: 1/1
    49 | D:4      | Found a hazy altar of Hepliaklqana.
    50 | D:4      | Found an iron altar of Okawaru.
    50 | D:4      | Found a hide-covered altar of Uskayaw.
    58 | D:4      | Noticed a hound
    88 | D:4      | Slain by an adder skeleton

Illustrated notes

Levels and vault maps discovered:
D:4:      layout_basic, chequers_temple_overflow_statue_of_worship,
          minmay_temple_entry_wispy, gammafunk_ghost_cemetery
D:5:      minmay_razor_zed, layout_rooms, serial_rivers,
          chequers_serial_rivers_room_b, chequers_serial_rivers_micro_e,
          chequers_serial_rivers_room_a, chequers_serial_rivers_room_b,
          chequers_serial_rivers_small_b, ebering_ghost_sewer_f,
          nicolae_shop_overcharged_wands

Action                   || total
-------------------------++-------
Melee: Hand axe          ||     9
  Use: Scroll            ||     2
       Potion            ||     1
 Stab: Sleeping          ||     1
Armor: Leather armour    ||     3
Dodge: Dodged            ||     8

Table legend: (Time is in decaauts)
 A = Elapsed time spent in this place.
 B = Non-inter-level travel time spent in this place.
 C = Inter-level travel time spent in this place.
 D = Time resting spent in this place.
 E = Time spent auto-exploring this place.
 F = Levels seen in this place.
 G = Mean time per level.
                   A        B        C        D        E       F      G
               +--------+--------+--------+--------+--------+-----+--------+
         Total |     81 |     81 |      0 |      0 |     25 |   2 |   40.5 |
       Dungeon |     81 |     81 |      0 |      0 |     25 |   2 |   40.5 |
               +--------+--------+--------+--------+--------+-----+--------+

Top non-repeatable levels by time:
     D:4: 60 daAuts
     D:5: 21 daAuts
